 Dungeon Crawl Stone Soup version 0.29-a0-1023-g6ae1a4a2c7 (webtiles) character file.

Game seed: 6155037152212704371

23 mathmaestro the Grave Robber (level 2, -3/21 HPs)
             Began as a Demonspawn Necromancer on Aug 11, 2022.
             Killed from afar by Sigmund (9 damage)
             ... with a magic dart
             ... on level 3 of the Dungeon.
             The game lasted 00:03:08 (1853 turns).

mathmaestro the Grave Robber (DsNe)                 Turns: 1853, Time: 00:03:08

Health: -3/21      AC:  3    Str:  8    XL:     2   Next: 75%
Magic:  0/5        EV: 11    Int: 16    God:
Gold:   86         SH:  3    Dex: 13    Spells: 4/5 levels left

rFire   . . .      SeeInvis .   c - +0 dagger (venom)
rCold   . . .      Faith    .   g - +0 buckler
rNeg    . . .      Spirit   .   a - +0 robe
rPois   .          Reflect  .   (no helmet)
rElec   .          Harm     .   f - +0 cloak
rCorr   .          Rampage  .   (no gloves)
Will    .....                   (no boots)
Stlth   ++........              (no amulet)
HPRegen 0.07/turn               (no ring)
MPRegen 0.18/turn               (no ring)

@: no status effects
A: magic regeneration
a: no special abilities


You were on level 3 of the Dungeon.
You visited 1 branch of the dungeon, and saw 3 of its levels.

You collected 86 gold pieces.

Inventory:

Hand Weapons
 c - a +0 dagger of venom (weapon)
 i - a +0 hand axe
 s - a +0 dagger of distortion
Armour
 a - a +0 robe (worn)
 f - a +0 cloak (worn)
 g - a +0 buckler (worn)
Scrolls
 d - a scroll of teleportation {unknown}
 e - a scroll of vulnerability {unknown}
 k - a scroll of poison {unknown}
 l - a scroll of fear {unknown}
 m - a scroll of magic mapping {unknown}
 n - a scroll of identify {unknown}
 o - a scroll of amnesia {unknown}
 r - 2 scrolls of silence {unknown}
Potions
 b - a potion of magic
 h - a potion of degeneration {unknown}
 j - a potion of attraction {unknown}
 p - 2 potions of haste {unknown}
 q - a potion of brilliance {unknown}


   Skills:
 + Level 1.0 Fighting
 - Level 2.0 Dodging
 - Level 2.0 Stealth
 + Level 0.6 Shields
 + Level 2.2 Spellcasting
 + Level 4.6 Necromancy


You had 4 spell levels left.
You knew the following spells:

 Your Spells              Type           Power      Damage    Failure   Level
a - Necrotise             Necr           64%        1d7       4%          1

Your spell library contained the following spells:

 Spells                   Type           Power      Damage    Failure   Level
 Vampiric Draining        Necr           16%        2d7       13%         3
 Magic Dart               Conj           4%         1d3       28%         1
 Summon Small Mammal      Summ           4%         N/A       28%         1
 Call Imp                 Summ           1%         N/A       38%         2
 Animate Dead             Necr           16%        N/A       38%         4
 Call Canine Familiar     Summ           1%         N/A       63%         3
 Mephitic Cloud           Conj/Pois/Air  1%         N/A       63%         3
 Summon Guardian Golem    Hex/Summ       1%         N/A       63%         3
 Agony                    Necr           16%        N/A       75%         5


Dungeon Overview and Level Annotations

Branches:
Dungeon (3/15)

Altars:

Annotations:
D:3 Sigmund


Innate Abilities, Weirdness & Mutations

You regenerate magic rapidly.


Message History

Casting: Necrotise (safe; 4% risk of failure)
Confirm with . or Enter, or press ? or * to list all spells.
Aiming: Necrotise (safe; 4% risk of failure)
Press: ? - help, Shift-Dir - straight line, f/p - Sigmund
Aim: Sigmund, wielding a +0 scythe and wearing a +0 robe (chance to affect: 80%) Sigmund writhes in agony.
Sigmund casts a spell at you. The puff of flame hits you!
Casting: Necrotise (safe; 4% risk of failure)
Confirm with . or Enter, or press ? or * to list all spells.
Aiming: Necrotise (safe; 4% risk of failure)
Press: ? - help, Shift-Dir - straight line, f/p - Sigmund
Aim: Sigmund, wielding a +0 scythe and wearing a +0 robe (lightly wounded, chance to affect: 80%) Sigmund barely resists.
Unknown command.
Casting: Necrotise (safe; 4% risk of failure)
Confirm with . or Enter, or press ? or * to list all spells.
Aiming: Necrotise (safe; 4% risk of failure)
Press: ? - help, Shift-Dir - straight line, f/p - Sigmund
Aim: Sigmund, wielding a +0 scythe and wearing a +0 robe (lightly wounded, chance to affect: 80%) Sigmund writhes in agony!
Unknown command.
Casting: Necrotise (safe; 4% risk of failure)
Confirm with . or Enter, or press ? or * to list all spells.
Aiming: Necrotise (safe; 4% risk of failure)
Press: ? - help, Shift-Dir - straight line, f/p - Sigmund
Aim: Sigmund, wielding a +0 scythe and wearing a +0 robe (moderately wounded, chance to affect: 80%) Sigmund writhes in agony.
Sigmund hits you from afar with a +0 scythe!
* * * LOW HITPOINT WARNING * * *
Casting: Necrotise (safe; 4% risk of failure)
Confirm with . or Enter, or press ? or * to list all spells.
Aiming: Necrotise (safe; 4% risk of failure)
Press: ? - help, Shift-Dir - straight line, f/p - Sigmund
Aim: Sigmund, wielding a +0 scythe and wearing a +0 robe (heavily wounded, chance to affect: 80%) Sigmund writhes in agony.
Unknown command.
Sigmund points at you and mumbles some strange words.
The magic dart hits you!
You die...

#
###########################
............[...@..........
......#############.@......
......'....... #.######.
......#####..# #r# ......#
#.# ......# #.#
####'######. #..
............ ...
#......:.... ....


You could see Sigmund.

Vanquished Creatures
  2 ball pythons
  A bat (D:2)
  2 endoplasms (D:1)
  A giant cockroach (D:1)
  3 hobgoblins
  2 quokkas
  3 goblins
  5 kobolds
  A rat (D:1)
20 creatures vanquished.

Notes
Turn   | Place    | Note
-------+----------+-------------------------------------------
     0 | D:1      | mathmaestro the Demonspawn Necromancer began the quest for
                  | the Orb.
     0 | D:1      | Reached XP level 1. HP: 13/13 MP: 3/3
   702 | D:1      | Gained mutation: You regenerate magic rapidly. [demonic
                  | ancestry]
   702 | D:1      | Reached XP level 2. HP: 18/20 MP: 0/5
  1785 | D:3      | Reached skill level 1 in Fighting
  1842 | D:3      | Noticed Sigmund
  1853 | D:3      | Killed from afar by Sigmund

Illustrated notes

Levels and vault maps discovered:
D:1:      amcnicky_arrival_underground_garden, layout_loops_ring
D:2:      layout_loops_cross
D:3:      minmay_spotlight, layout_basic,
          shapermc_ecumenical_altar_starsandcircs, serial_shops, shop,
          uniq_sigmund

Skill      XL: |  1  2 |
---------------+-------+-----
Stealth        | 2 |  2.0
Dodging        | 2 |  2.0
Fighting       | 1 |  1.0
Shields        | |  0.6
Spellcasting   | |  2.2
Necromancy     | |  4.6

Action                   || total
-------------------------++-------
Melee: Dagger            ||    11
 Cast: Necrotise         ||    43
Armor: Robe              ||     7
Dodge: Dodged            ||    12
Block: Buckler           ||     4

Table legend: (Time is in decaauts)
 A = Elapsed time spent in this place.
 B = Non-inter-level travel time spent in this place.
 C = Inter-level travel time spent in this place.
 D = Time resting spent in this place.
 E = Time spent auto-exploring this place.
 F = Levels seen in this place.
 G = Mean time per level.
                   A        B        C        D        E       F      G
               +--------+--------+--------+--------+--------+-----+--------+
         Total |   1851 |   1788 |     63 |    273 |   1251 |   3 |  617.0 |
       Dungeon |   1851 |   1788 |     63 |    273 |   1251 |   3 |  617.0 |
               +--------+--------+--------+--------+--------+-----+--------+

Top non-repeatable levels by time:
     D:1: 990 daAuts
     D:2: 782 daAuts
     D:3: 78 daAuts
